 Dungeon Crawl Stone Soup version 0.25-a0-200-g5ba96148f3 (webtiles) character file.

Game seed: 13266413838404813165, levelgen mode: deterministic

237033 D1HalberdGnoll the Warrior (level 18, -1/166 HPs)
             Began as a Purple Draconian Earth Elementalist on Nov 25, 2019.
             Was the Champion of Vehumet.
             Slain by an iron troll (12 damage)
             ... on level 1 of the Depths on Dec 2, 2019.
             The game lasted 02:39:59 (55275 turns).

D1HalberdGnoll the Warrior (DrEE)                  Turns: 55275, Time: 02:40:00

Health: -1/166     AC: 18    Str:  8    XL:     18   Next: 52%
Magic:  3/37       EV: 18    Int: 21    God:    Vehumet [******]
Gold:   1995       SH:  8    Dex: 14    Spells: 5/47 levels left

rFire    + . .     SeeInvis +   W - staff of energy {!a}
rCold    + + .     Gourm    .   M - +0 buckler of Voatsah {rC+++ rCorr Str-3 Stlth+}
rNeg     . . .     Faith    .   (armour unavailable)
rPois    .         Spirit   .   y - +2 hat {MR+}
rElec    .         Reflect  .   G - +2 cloak
rCorr    +         Harm     .   A - +0 pair of gloves
MR       +++..                  f - +1 pair of boots
Stlth    +++.......             F - amulet of regeneration
HPRegen  0.77/turn              i - ring of protection from fire
MPRegen  0.25/turn              T - ring "Ganohaph" {rC- Slay+6 SInv}

@: very slightly contaminated, invisible
A: breathe power, unfitting armour, cold-blooded, AC +10
}: 2/15 runes: barnacled, gossamer
a: Breathe Dispelling Energy, Renounce Religion


You were on level 1 of the Depths.
You worshipped Vehumet.
Vehumet was exalted by your worship.
You were not hungry.

You visited 7 branches of the dungeon, and saw 33 of its levels.

You collected 3109 gold pieces.
You spent 1114 gold pieces at shops.

Inventory:

Missiles
 D - 7 throwing nets (quivered) {!f}
Armour
 f - a +1 pair of boots (worn)
   (You found it on level 2 of the Shoals)
 y - a +2 hat of magic resistance (worn)
   (You acquired it on level 2 of the Spider Nest)
 A - a +0 pair of gloves (worn)
   (You found it on level 7 of the Dungeon)
 G - a +2 cloak (worn)
   (You found it on level 8 of the Dungeon)
 M - the +0 buckler of Voatsah (worn) {rC+++ rCorr Str-3 Stlth+}
   (You acquired it on level 1 of the Orcish Mines)

   It affects your strength (-3).
   It renders you almost immune to cold.
   It provides partial protection from all sources of acid and corrosion.
   It makes you more stealthy.
Magical Staves
 W - an uncursed staff of energy (weapon) {!a}
   (You found it on level 14 of the Dungeon)
Jewellery
 i - a ring of protection from fire (left hand)
   (You found it on level 6 of the Dungeon)
 E - an uncursed ring of magical power
   (You found it on level 8 of the Dungeon)
 F - an amulet of regeneration (around neck)
   (You found it on level 10 of the Dungeon)
 T - the ring "Ganohaph" (right hand) {rC- Slay+6 SInv}
   (You took it off an ogre mage on level 14 of the Dungeon)

   [ring of see invisible]

   It affects your accuracy and damage with ranged weapons and melee attacks
   (+6).
   It makes you vulnerable to cold.
   It lets you see invisible.
Wands
 c - a wand of disintegration (33)
   (You found it on level 10 of the Dungeon)
 d - a wand of iceblast (32)
   (You found it on level 6 of the Dungeon)
 o - a wand of clouds (3)
   (You found it on level 6 of the Dungeon)
 s - a wand of enslavement (11)
   (You found it on level 6 of the Lair of Beasts)
 t - a wand of flame (13)
   (You found it on level 2 of the Shoals)
 v - a wand of digging (1)
   (You found it on level 8 of the Dungeon)
 H - a wand of polymorph (22)
   (You found it on level 9 of the Dungeon)
Scrolls
 k - 6 scrolls of fog
 l - 3 scrolls of amnesia
 r - 7 scrolls of enchant armour
 w - 4 scrolls of immolation {!r}
 B - 10 scrolls of teleportation {@r4}
 C - 6 scrolls of fear
 J - 3 scrolls of blinking
 L - 10 scrolls of remove curse {@r2}
 O - 3 scrolls of silence
 Q - 10 scrolls of identify {@r1}
 R - a scroll of brand weapon
 U - 3 scrolls of enchant weapon
Potions
 b - 6 potions of ambrosia
 g - 15 potions of curing {@q1}
 h - 4 potions of mutation {!q}
 j - 3 potions of heal wounds {@q2}
 m - a potion of resistance
 n - 5 potions of flight
 p - 4 potions of brilliance
 q - 10 potions of lignification {!q}
 u - 2 potions of haste {@q3}
 I - 8 potions of agility
 N - 2 potions of cancellation
 P - 3 potions of might
Comestibles
 e - 31 rations {!d}
 z - 5 chunks of flesh


   Skills:
 + Level 16.2 Fighting
 - Level 10.0 Dodging
 - Level 1.7 Stealth
 - Level 15.0 Shields
 - Level 15.0 Spellcasting
 * Level 14.7 Conjurations
 - Level 6.0 Necromancy
 - Level 1.0 Transmutations
 - Level 10.0 Earth Magic
 - Level 10.0 Evocations


You had 5 spell levels left.
You knew the following spells:

 Your Spells              Type           Power        Failure   Level  Hunger
a - Iron Shot             Conj/Erth      ######....   1%          6    None
b - Stone Arrow           Conj/Erth      ######       1%          3    None
c - Lee's Rapid Deconstr  Erth           ######....   1%          5    None
d - Borgnjor's Vile Clut  Necr/Erth      #####.....   4%          5    None
e - Lehudib's Crystal Sp  Conj/Erth      ######....   36%         8    None
l - Blink                 Tloc           N/A          6%          2    None
q - Passwall              Tmut/Erth      #####...     1%          2    None
u - Animate Dead          Necr           N/A          3%          4    None
z - Orb of Destruction    Conj           ######....   2%          7    None

Your spell library contained the following spells:

 Spells                   Type           Power        Failure   Level  Hunger
 Chain Lightning          Conj/Air       #####.....   95%         8    None
 Fire Storm               Conj/Fire      #####.....   100%        9    None
 Magic Dart               Conj           ####         0%          1    None
 Pain                     Necr           ####         1%          1    None
 Sandblast                Erth           ######       1%          1    None
 Shock                    Conj/Air       ####         1%          1    None
 Conjure Flame            Conj/Fire      #####...     1%          3    None
 Dazzling Spray           Conj/Hex       #####.       1%          3    None
 Mephitic Cloud           Conj/Pois/Air  #####...     1%          3    None
 Static Discharge         Conj/Air       #####...     1%          3    None
 Bolt of Magma            Conj/Fire/Erth ######....   1%          5    None
 Lightning Bolt           Conj/Air       #####.....   1%          5    None
 Apportation              Tloc           ###...       3%          1    None
 Corona                   Hex            ###....      3%          1    None
 Summon Butterflies       Summ           ###.....     3%          1    None
 Leda's Liquefaction      Hex/Erth       #####.....   4%          4    None
 Petrify                  Tmut/Erth      #####...     4%          4    None
 Call Imp                 Summ           ###.....     6%          2    None
 Ensorcelled Hibernation  Hex/Ice        ###...       6%          2    None
 Poisonous Vapours        Pois/Air       ###...       6%          2    None
 Slow                     Hex            ###.....     6%          2    None
 Swiftness                Chrm/Air       ###.....     6%          2    None
 Confuse                  Hex            ###.....     12%         3    None
 Lesser Beckoning         Tloc           ###.......   12%         3    None
 Ozocubu's Armour         Chrm/Ice       ###.....     12%         3    None
 Recall                   Summ/Tloc      N/A          12%         3    None
 Spectral Weapon          Hex/Chrm       ###.....     12%         3    None
 Tukima's Dance           Hex            ###.....     12%         3    None
 Ice Form                 Ice/Tmut       ###.....     30%         4    None
 Excruciating Wounds      Chrm/Necr      ####......   30%         5    None
 Alistair's Intoxication  Tmut/Pois      ###.....     65%         5    None
 Metabolic Englaciation   Hex/Ice        ###.......   71%         5    None
 Bolt of Cold             Conj/Ice       #####.....   8%          6    None
 Freezing Cloud           Conj/Ice/Air   #####.....   21%         6    None
 Death Channel            Necr           #####.....   45%         6    None
 Statue Form              Tmut/Erth      #####....    52%         6    None
 Ozocubu's Refrigeration  Ice            ###.......   78%         6    None
 Simulacrum               Ice/Necr       ####......   86%         6    None
 Deflect Missiles         Chrm/Air       ###.......   99%         6    None
 Invisibility             Hex            ###.....     99%         6    None
 Ring of Flames           Chrm/Fire      ###.......   100%        7    None
 Ignition                 Fire           ###.......   100%        8    None
 Shatter                  Erth           ######....   100%        9    None
 Tornado                  Air            ###.......   100%        9    None


Dungeon Overview and Level Annotations

Branches:
Dungeon (15/15)            Temple (1/1) D:7            Lair (6/6) D:10
 Shoals (4/4) Lair:4       Spider (4/4) Lair:2        Slime (0/5) Lair:5
    Orc (2/2) D:9             Elf (0/3) Orc:2        Vaults (0/5) D:13
 Depths (1/5) D:15

Altars:
Ashenzari
Cheibriados
Dithmenos
Elyvilon
Fedhas
Gozag
Hepliaklqana
Kikubaaqudgha
Makhleb
Nemelex Xobeh
Okawaru
Qazlal
Ru
Sif Muna
Trog
Uskayaw
Vehumet
Wu Jian
Xom
Yredelemnul
Zin
The Shining One
Beogh
Jiyva

Shops:
D:5 [   D:6 (   D:7 %   D:11 ?   Orc:1 ?   Orc:2 %?([   Shoals:2 !   Shoals:3 !

Annotations:
D:4 3 runed translucent doors, an12's ghost, novice GrMo
D:9 1 runed translucent door, flestrin's ghost, novice DECj
Lair:4 exclusion: downstairs
Shoals:3 Polyphemus


Innate Abilities, Weirdness & Mutations

You can breathe bolts of dispelling energy.
Your rich purple scales are hard. (AC +10)
You cannot fit into any form of body armour.
You are cold-blooded and may be slowed by cold attacks.


Message History

Aim: an iron troll (moderately wounded, unusually strong)
The iron shot hits the iron troll!!
The iron troll bites you but does no damage.
The iron troll claws you! The iron troll claws you!!
* * * LOW HITPOINT WARNING * * *
Aim: an iron troll (heavily wounded, unusually strong)
The iron shot hits the iron troll!!
Unknown command.
Aim: an iron troll (almost dead, unusually strong)
The stone arrow hits the iron troll but does no damage.
You block the iron troll's attack. The iron troll barely misses you.
The iron troll misses you.
Really attack while wielding your uncursed staff of energy {!a}? [Y]es or [N]o only, please.
Really attack while wielding your uncursed staff of energy {!a}?
You hit the iron troll but do no damage.
The iron troll closely misses you. x2; You block the iron troll's attack.
You hit the iron troll but do no damage.
You block the iron troll's attack. The iron troll claws you!!
* * * LOW HITPOINT WARNING * * *
The iron troll claws you!!
* * * LOW HITPOINT WARNING * * *
Aim: an iron troll (almost dead, unusually strong)
The bolt of acid hits the iron troll but does no damage.
The now-empty wand crumbles to dust.
Aim: an iron troll (almost dead, unusually strong, chance to defeat MR: 31%)
The iron troll easily resists.
The iron troll bites you!
* * * LOW HITPOINT WARNING * * *
The iron troll claws you!
* * * LOW HITPOINT WARNING * * *
The iron troll misses you.
You feel much better. The iron troll bites you!!
* * * LOW HITPOINT WARNING * * *
The iron troll claws you.
* * * LOW HITPOINT WARNING * * *
The iron troll barely misses you.
Aim: an iron troll (almost dead, unusually strong, chance to defeat MR: 11%)
Okay, then.
The mass of ice explodes!
The iceblast engulfs the iron troll!
The iron troll partially resists.
You hear a shout! x2
Okay, then.
Okay, then.
You fade into invisibility!
The iron troll barely misses you. x3
You are very lightly contaminated with residual magic.
The iron troll closely misses you. The iron troll claws you.
* * * LOW HITPOINT WARNING * * *
The iron troll claws you!
You die...

## ###.##
#.@..#
......T...#
..........#
####......#
##....##
##....
#..## ...#


You could see an iron troll.

Vanquished Creatures
  Bai Suzhen (Spider:3)
  Rupert (Lair:5)
  The ghost of stillor the Spry, an adept MfSk of Okawaru (Shoals:4)
  Roxanne (Shoals:4)
  A tengu reaver (D:14)
  Ilsuiw (Shoals:3)
  Aizul (Shoals:3)
  2 frost giants
  An orc warlord (Orc:1)
  5 ghost moths
  4 emperor scorpions (Spider:4)
  2 entropy weavers (Spider:2)
  Azrael (Orc:2)
  A spark wasp (Spider:4)
  5 merfolk impalers
  A fire dragon (Lair:6)
  6 merfolk javelineers
  Josephine (D:12)
  An ice dragon (D:14)
  A rakshasa (D:14)
  Erolcha (D:12)
  2 vault guards (D:13)
  8 hydras
  3 merfolk aquamancers
  Harold (Orc:1)
  2 merfolk avatars (Shoals:2)
  A catoblepas (Shoals:3)
  4 centaur warriors
  An ogre mage (D:14)
  3 two-headed ogres
  8 death scarabs (Spider:4)
  A satyr (Shoals:2)
  2 deep troll shamans
  2 alligator snapping turtles (Shoals:4)
  6 death yaks
  2 tengu warriors (D:15)
  An orc high priest (Orc:2)
  Nergalle (Lair:4)
  A queen ant (Lair:3)
  A spectral emperor scorpion (Spider:4)
  An iron troll (D:15)
  10 sea snakes
  3 wizards
  A necromancer (D:15)
  2 unseen horrors
  25 harpies
  5 orc knights
  10 deep elf magi
  A lindwurm (Lair:6)
  5 spectral wolf spiders (Spider:4)
  2 wolf spider zombies
  Pikel (D:7)
  6 fauns (Shoals:3)
  14 orb spiders
  5 orc sorcerers
  13 wolf spiders
  11 ugly things
  7 cyclopes
  A moth of wrath (Spider:2)
  9 slime creatures
  7 manticores
  11 merfolk sirens
  7 elephants
  3 molten gargoyles (Lair:6)
  6 water nymphs
  10 black mambas
  6 spiny frogs
  3 torpor snails
  3 spectral redbacks (Spider:4)
  2 rime drakes (Lair:2)
  9 komodo dragons
  3 kobold demonologists
  A freezing wraith (D:14)
  12 demonic crawlers
  4 trolls
  A tengu conjurer (D:13)
  3 polar bears
  5 hornets
  6 meliai (D:15)
  3 spectral tarantellas (Spider:4)
  4 wind drakes
  A queen bee (Lair:2)
  19 merfolk
  7 blink frogs (Lair:3)
  23 jumping spiders
  A tarantella zombie (Spider:4)
  A meliai zombie (D:15)
  2 snapping turtles
  16 dream sheep
  12 hippogriffs
  57 redbacks
  8 wyverns
  Sigmund (D:5)
  A vampire (D:13)
  3 shadows
  31 tarantellas
  4 basilisks
  7 wraiths
  7 humans (D:13)
  35 yaks
  9 water elementals
  A hungry ghost (D:11)
  A human (shapeshifter) (D:14)
  A steam dragon (Lair:6)
  A fire elemental (Orc:2)
  5 vampire mosquitoes
  3 wargs
  6 soldier ants
  6 hell hounds
  14 water moccasins
  7 porcupines
  2 spectral hornets (Spider:4)
  7 sky beasts
  38 orc warriors
  A necrophage (D:9)
  4 ice beasts
  A black bear (D:9)
  2 boggarts (D:14)
  3 eyes of draining
  3 phantoms
  18 wolves
  21 ogres
  2 hornet zombies (D:15)
  20 centaurs
  17 crocodiles
  6 big kobolds
  15 bullfrogs
  Blork the orc (D:5)
  2 wyvern zombies
  2 wyvern skeletons
  2 scorpions
  40 killer bees
  22 wights
  4 howler monkeys
  3 electric eels
  4 lava snakes (Lair:6)
  10 crimson imps
  A bullfrog zombie (D:10)
  A wyvern simulacrum (D:14)
  3 centaur zombies
  11 hounds
  7 jellies
  12 orc priests
  30 orc wizards
  4 bullfrog skeletons
  4 centaur skeletons
  21 worker ants
  3 iguanas
  5 hell rats (Lair:6)
  A hound zombie (D:8)
  A worker ant zombie (D:7)
  7 gnolls (D:6)
  2 river rats (Lair:2)
  10 adders
  2 shadow imps
  An ooze (D:1)
  An adder zombie (D:7)
  2 adder skeletons
  6 worms
  9 dart slugs
  10 leopard geckos
  94 orcs
  7 giant cockroaches
  10 goblins
  6 hobgoblins
  7 jackals
  3 quokkas
  A ball python (D:1)
  8 bats
  2 frilled lizards
  A jackal skeleton (D:4)
  24 kobolds
  3 rats (D:1)
  A spectral orc (D:4)
  A plant (Shoals:1)
1192 creatures vanquished.

Vanquished Creatures (collateral kills)
  An emperor scorpion (Spider:1)
  An entropy weaver (Spider:4)
  A spark wasp (Spider:4)
  A merfolk impaler (Shoals:4)
  A merfolk javelineer (Shoals:4)
  An alligator snapping turtle (Shoals:4)
  A death yak (Shoals:3)
  A merfolk aquamancer (Shoals:4)
  A spectral wolf spider (Spider:4)
  A wolf spider zombie (Spider:4)
  A harpy (Shoals:3)
  A deep elf mage (D:15)
  5 wolf spiders
  A faun (Shoals:3)
  2 moths of wrath (Spider:4)
  A spiny frog (Lair:4)
  4 demonic crawlers
  A hornet (Spider:4)
  6 jumping spiders (Spider:4)
  2 merfolk
  A hippogriff (Shoals:4)
  A spectral tarantella (Spider:4)
  4 snapping turtles
  A tarantella zombie (Spider:4)
  7 tarantellas
  14 redbacks
  2 yaks (Lair:4)
  2 fire elementals (Orc:2)
  A water elemental (Shoals:4)
  2 humans (D:13)
  2 hell hounds (Orc:2)
  2 spectral hornets (Spider:4)
  An orc warrior (Orc:2)
  2 boggarts (D:14)
  A crocodile (Lair:2)
  A bullfrog (Lair:4)
  2 killer bees (Lair:2)
  A worker ant (Lair:3)
  2 orcs (Orc:2)
  A butterfly (Lair:4)
84 creatures vanquished.

Vanquished Creatures (others)
  A vault guard (D:13)
  A manticore (D:14)
  A water elemental (Shoals:4)
  3 slaves (D:7)
  A steam dragon (D:7)
  2 orcs (D:11)
  A jackal (D:7)
  A quokka skeleton (D:7)
  15 fungi
  14 plants
40 creatures vanquished.

Grand Total: 1316 creatures vanquished

Notes
Turn   | Place    | Note
-------+----------+-------------------------------------------
     0 | D:1      | D1HalberdGnoll the Draconian Earth Elementalist began the
                  | quest for the Orb.
     0 | D:1      | Reached XP level 1. HP: 14/14 MP: 3/3
   206 | D:1      | Reached XP level 2. HP: 14/22 MP: 0/5
   393 | D:1      | Reached skill level 1 in Fighting
   522 | D:1      | Reached XP level 3. HP: 28/28 MP: 6/6
  1267 | D:2      | Reached XP level 4. HP: 35/35 MP: 3/7
  2072 | D:3      | Learned a level 3 spell: Stone Arrow
  2075 | D:3      | Learned a level 2 spell: Passwall
  2275 | D:3      | Found a radiant altar of Vehumet.
  2289 | D:3      | Became a worshipper of Vehumet
  2305 | D:3      | Found an ancient bone altar of Kikubaaqudgha.
  2306 | D:3      | Found a shimmering blue altar of Sif Muna.
  2311 | D:3      | Identified Kikubaaqudgha's Grimoire of Dark Magic
  2716 | D:4      | Noticed a phantom
  2895 | D:4      | Reached skill level 2 in Fighting
  2895 | D:4      | Reached XP level 5. HP: 37/41 MP: 7/9
  2943 | D:4      | Noticed a sky beast
  3041 | D:4      | Killed a phantom
  3041 | D:4      | Reached XP level 6. HP: 39/50 MP: 0/10
  3120 | D:4      | Killed a sky beast
  3120 | D:4      | Reached skill level 5 in Earth Magic
  3278 | D:4      | Reached skill level 3 in Fighting
  3304 | D:4      | Found a bloodstained altar of Trog.
  3449 | D:4      | Found an iron altar of Okawaru.
  3514 | D:4      | Found a runed translucent gate.
  3514 | D:4      | Found a runed translucent gate.
  3514 | D:4      | Found a runed translucent gate.
  3515 | D:4      | Noticed an12's ghost (novice GrMo)
  3515 | D:4      | Identified the cursed +3 dagger "Acuclaet" {drain, MR+
                  | Int-5 Stlth+}
  3569 | D:4      | Found a basalt altar of Yredelemnul.
  3605 | D:4      | Reached * piety under Vehumet
  3605 | D:4      | Offered knowledge of Freeze by Vehumet.
  3713 | D:4      | Your scales start taking on a rich purple colour.
  3713 | D:4      | Reached XP level 7. HP: 25/57 MP: 11/13
  3887 | D:4      | Found a shattered altar of Ashenzari.
  4003 | D:5      | Entered Level 5 of the Dungeon
  4026 | D:5      | Noticed Sigmund
  4039 | D:5      | Killed Sigmund
  4079 | D:5      | Noticed Blork the orc
  4284 | D:5      | Killed Blork the orc
  4284 | D:5      | Reached skill level 4 in Fighting
  4432 | D:5      | Found a sacrificial altar of Ru.
  4445 | D:5      | Reached skill level 5 in Spellcasting
  4518 | D:5      | Reached XP level 8. HP: 4/66 MP: 11/15
  4911 | D:5      | Found Zoilueqo's Armour Shop.
  4914 | D:5      | Bought a +0 pair of boots for 49 gold pieces
  4914 | D:5      | Bought a +0 buckler for 49 gold pieces
  4929 | D:5      | Found a stormy altar of Qazlal.
  5125 | D:5      | Reached skill level 1 in Shields
  5618 | D:6      | Reached ** piety under Vehumet
  5619 | D:6      | Offered knowledge of Sting by Vehumet.
  5860 | D:6      | Found a snail-covered altar of Cheibriados.
  5888 | D:6      | Reached skill level 5 in Fighting
  5989 | D:6      | Found a hide-covered altar of Uskayaw.
  6051 | D:6      | Found an ornate altar of the Wu Jian Council.
  6108 | D:6      | Found Ridofits's Weapon Shoppe.
  6264 | D:7      | Noticed a hippogriff
  6275 | D:6      | Killed a hippogriff
  6275 | D:6      | Reached XP level 9. HP: 60/74 MP: 11/18
  6450 | D:7      | Reached skill level 5 in Dodging
  6920 | D:7      | Reached skill level 6 in Fighting
  7031 | D:7      | Noticed Pikel
  7035 | D:7      | Killed Pikel
  7352 | D:7      | Found Hyewkuni's Food Shop.
  7519 | D:7      | Offered knowledge of Ignite Poison by Vehumet.
  7570 | D:7      | Found a staircase to the Ecumenical Temple.
  7602 | Temple   | Entered the Ecumenical Temple
  7817 | D:7      | Reached XP level 10. HP: 84/84 MP: 15/20
  7900 | D:8      | Reached *** piety under Vehumet
  7922 | D:8      | Reached skill level 7 in Fighting
  8141 | D:8      | Reached skill level 10 in Earth Magic
  8871 | D:9      | Learned a level 5 spell: Lee's Rapid Deconstruction
  8967 | D:9      | Reached skill level 1 in Conjurations
  8972 | D:9      | Found a burning altar of Makhleb.
  9137 | D:9      | Offered knowledge of Conjure Flame by Vehumet.
  9283 | D:9      | Noticed a two-headed ogre
  9289 | D:9      | Killed a two-headed ogre
  9289 | D:9      | Reached skill level 8 in Fighting
  9498 | D:9      | Found a staircase to the Orcish Mines.
  9647 | D:9      | Found a runed translucent door.
  9648 | D:9      | Found a shimmering altar of Xom.
  9648 | D:9      | Noticed flestrin's ghost (novice DECj)
  9649 | D:9      | Noticed a +6 halberd of chaos
  9771 | D:10     | Entered Level 10 of the Dungeon
  9896 | D:10     | Found a staircase to the Lair.
  9956 | D:10     | Reached **** piety under Vehumet
 10035 | D:10     | Offered knowledge of Mephitic Cloud by Vehumet.
 10036 | D:10     | Reached XP level 11. HP: 68/95 MP: 17/23
 10979 | Lair:1   | Entered Level 1 of the Lair of Beasts
 10984 | Lair:1   | Learned a level 3 spell: Mephitic Cloud
 11013 | Lair:1   | Learned a level 2 spell: Blink
 11058 | Lair:1   | Found a dark tunnel.
 11198 | Lair:1   | Reached skill level 5 in Conjurations
 12117 | Lair:2   | Reached skill level 9 in Fighting
 12654 | Lair:2   | Found a hole to the Spider Nest.
 12991 | Lair:2   | Reached ***** piety under Vehumet
 12996 | Lair:2   | Reached skill level 10 in Spellcasting
 13015 | Lair:2   | Offered knowledge of Irradiate by Vehumet.
 13023 | Lair:2   | Got a crude trident
 13079 | Lair:2   | Identified the cursed +3 trident "Funa" {venom, -Tele rPois
                  | rF+++ Dex-3} (You found it on level 2 of the Lair of
                  | Beasts)
 13249 | Lair:2   | Reached XP level 12. HP: 99/106 MP: 26/26
 13652 | Lair:3   | Noticed a queen ant
 13668 | Lair:3   | Killed a queen ant
 13672 | Lair:3   | Reached skill level 10 in Fighting
 14189 | Lair:3   | Noticed Sonja
 14190 | Lair:3   | Noticed Sonja
 14190 | Lair:3   | Sonja changed into Sonja the water moccasin
 14212 | Lair:3   | Killed Sonja the water moccasin
 14600 | Lair:3   | Noticed a four-headed hydra
 14844 | Lair:3   | Killed a four-headed hydra
 15485 | Lair:3   | Upgraded the game from 0.25-a0-167-g836c352ace to
                  | 0.25-a0-177-gd145f35b4e
 15582 | Lair:4   | Noticed Nergalle
 15598 | Lair:4   | Killed Nergalle
 15598 | Lair:4   | Reached skill level 10 in Conjurations
 15857 | Lair:4   | Reached skill level 1 in Evocations
 15937 | Lair:4   | Noticed an eight-headed hydra
 15947 | Lair:4   | Found a staircase to the Shoals.
 15968 | Lair:4   | Reached skill level 11 in Fighting
 15984 | Lair:4   | Offered knowledge of Yara's Violent Unravelling by Vehumet.
 15989 | Lair:4   | Reached skill level 5 in Shields
 16185 | Lair:4   | Killed an eight-headed hydra
 16660 | Lair:5   | Noticed Rupert
 16770 | Lair:5   | Killed Rupert
 16770 | Lair:5   | Reached XP level 13. HP: 57/116 MP: 8/27
 18128 | Lair:5   | Found a viscous altar of Jiyva.
 18128 | Lair:5   | Found a staircase to the Slime Pits.
 18523 | Lair:6   | Entered Level 6 of the Lair of Beasts
 19411 | Lair:6   | Reached skill level 5 in Evocations
 20021 | Lair:6   | Reached skill level 12 in Fighting
 20093 | Lair:6   | Noticed a fire dragon
 20095 | Lair:6   | Found a large runed translucent door.
 20095 | Lair:6   | Found a large runed translucent door.
 20849 | Lair:6   | Reached XP level 14. HP: 126/126 MP: 28/28
 20852 | Lair:6   | Offered knowledge of Venom Bolt by Vehumet.
 21411 | Lair:6   | Learned a level 5 spell: Borgnjor's Vile Clutch
 21892 | D:11     | Found Dotruxt's Magic Scroll Shoppe.
 22129 | D:11     | Bought a scroll of identify for 34 gold pieces
 22129 | D:11     | Bought a scroll of identify for 34 gold pieces
 22788 | D:12     | Reached skill level 10 in Dodging
 22788 | D:12     | Reached skill level 1 in Necromancy
 23266 | D:12     | Noticed Josephine
 23275 | D:12     | Killed Josephine
 23791 | D:12     | Noticed Erolcha
 23794 | D:12     | Killed Erolcha
 24067 | D:12     | Found a blossoming altar of Fedhas.
 24140 | D:12     | Offered knowledge of Iron Shot by Vehumet.
 24148 | D:12     | Learned a level 6 spell: Iron Shot
 24360 | D:13     | Reached skill level 10 in Shields
 24682 | D:13     | Identified Ts'ui Pên's Volume of Forking Paths
 24712 | D:13     | Identified Woomp's Almanac of Combed Thunderclap
 25897 | D:13     | Identified the Compendium of Axaxaxas mlö
 26297 | D:13     | Found a gate to the Vaults.
 26811 | D:14     | Learned a level 4 spell: Animate Dead
 27252 | D:14     | Reached skill level 13 in Fighting
 27314 | D:14     | Reached XP level 15. HP: 92/135 MP: 4/30
 27325 | D:14     | Offered knowledge of Poison Arrow by Vehumet.
 27468 | D:14     | Identified the +8 falchion of Balance {antimagic, rC+
                  | Int+3}
 27645 | D:14     | Identified the ring "Ganohaph" {rC- Slay+6 SInv}
 28189 | D:14     | Found a large runed translucent door.
 28190 | D:14     | Found a large runed translucent door.
 28388 | D:14     | Found a bloodstained altar of Trog.
 28388 | D:14     | Noticed a tengu reaver
 28551 | D:14     | Noticed a frost giant
 28774 | D:14     | Killed a frost giant
 29038 | D:14     | Killed a tengu reaver
 29233 | D:14     | Found a sacrificial altar of Ru.
 29254 | D:15     | Entered Level 15 of the Dungeon
 29497 | D:15     | Reached skill level 5 in Necromancy
 29557 | D:15     | Paralysed by an orc sorcerer for 7 turns
 29830 | D:14     | Upgraded the game from 0.25-a0-177-gd145f35b4e to
                  | 0.25-a0-190-g27fffb8c76
 31180 | D:15     | Found a staircase to the Depths.
 31478 | Orc:1    | Entered Level 1 of the Orcish Mines
 31558 | Orc:1    | Noticed an orc warlord
 31714 | Orc:1    | Killed an orc warlord
 31906 | Orc:1    | Noticed Harold
 31961 | Orc:1    | Found Loomnobb's Magic Scroll Emporium.
 31968 | Orc:1    | Killed Harold
 32059 | Orc:1    | Bought a scroll of acquirement for 676 gold pieces
 32060 | Orc:1    | Got a faintly glowing buckler
 32071 | Orc:1    | Identified the +0 buckler of Voatsah {rC+++ rCorr Str-3
                  | Stlth+} (You acquired it on level 1 of the Orcish Mines)
 32293 | Orc:2    | Entered Level 2 of the Orcish Mines
 32293 | Orc:2    | Found a staircase to the Elven Halls.
 33179 | Orc:2    | Offered knowledge of Bolt of Fire by Vehumet.
 33495 | Orc:2    | Noticed Urug
 33497 | Orc:2    | Noticed Urug
 33497 | Orc:2    | Urug changed into Urug the torpor snail
 33663 | Orc:1    | Killed Urug the torpor snail
 34740 | Orc:2    | Found Ramugrad's Weapon Shop.
 34740 | Orc:2    | Found Ilama's Magic Scroll Emporium.
 34742 | Orc:2    | Found Vextomia's Food Shoppe.
 34744 | Orc:2    | Found Efymneli's Armour Boutique.
 34749 | Orc:2    | Bought a scroll of identify for 32 gold pieces
 34749 | Orc:2    | Bought a scroll of identify for 32 gold pieces
 34749 | Orc:2    | Bought a scroll of identify for 32 gold pieces
 34749 | Orc:2    | Bought a scroll of teleportation for 48 gold pieces
 34749 | Orc:2    | Bought a scroll of teleportation for 48 gold pieces
 35030 | Orc:2    | Found a runed translucent door.
 35137 | Orc:2    | Noticed Azrael
 35290 | Orc:2    | Killed Azrael
 35817 | Orc:2    | Found a roughly hewn altar of Beogh.
 36047 | Shoals:1 | Entered Level 1 of the Shoals
 36177 | Shoals:1 | Reached XP level 16. HP: 130/145 MP: 18/32
 36281 | Shoals:1 | Reached skill level 14 in Fighting
 37017 | Shoals:1 | Reached skill level 10 in Evocations
 37719 | Shoals:1 | Learned a level 3 spell: Tukima's Dance
 38507 | Shoals:2 | Reached ****** piety under Vehumet
 38507 | Shoals:2 | Offered knowledge of Orb of Destruction by Vehumet.
 38516 | Shoals:2 | Learned a level 7 spell: Orb of Destruction
 38705 | Shoals:2 | Found Ifriw's Distillery.
 38794 | Shoals:2 | Bought a potion of curing for 30 gold pieces
 38794 | Shoals:2 | Bought a potion of heal wounds for 50 gold pieces
 39810 | Shoals:3 | Found Nemuari's Distillery.
 40764 | Shoals:3 | Noticed Aizul
 40949 | Shoals:3 | Noticed Ilsuiw
 40980 | Shoals:3 | Killed Ilsuiw
 41179 | Shoals:3 | Killed Aizul
 41266 | Shoals:3 | Noticed Polyphemus
 42035 | Shoals:4 | Entered Level 4 of the Shoals
 42663 | Shoals:4 | Identified the cursed ring of Roym {MR+ Dex+2 Slay-3}
 42746 | Shoals:4 | Noticed Roxanne
 42756 | Shoals:4 | Killed Roxanne
 42756 | Shoals:4 | Reached XP level 17. HP: 150/154 MP: 4/34
 43163 | Shoals:4 | Offered knowledge of Lehudib's Crystal Spear by Vehumet.
 43163 | Shoals:4 | Offered knowledge of Fire Storm by Vehumet.
 43163 | Shoals:4 | Offered knowledge of Chain Lightning by Vehumet.
 43506 | Shoals:4 | Found a runed translucent door.
 43520 | Shoals:4 | Got a barnacled rune of Zot
 43534 | Shoals:4 | Noticed stillor's ghost (adept MfSk)
 43727 | Shoals:4 | Killed stillor's ghost
 43987 | Shoals:4 | Identified the Compendium of Lightness
 44716 | Spider:1 | Entered Level 1 of the Spider Nest
 44754 | Lair:2   | Upgraded the game from 0.25-a0-190-g27fffb8c76 to
                  | 0.25-a0-200-g5ba96148f3
 44766 | Lair:2   | Learned a level 8 spell: Lehudib's Crystal Spear
 45017 | Spider:1 | Reached skill level 15 in Fighting
 45935 | Spider:1 | Reached skill level 15 in Shields
 48750 | Spider:3 | Got an ichor-stained cloak
 48766 | Spider:3 | Identified the cursed +0 cloak of the Dice {MR+ Str-5
                  | Int+8} (You found it on level 3 of the Spider Nest)
 48766 | Spider:3 | Lost strength.
 48803 | Spider:3 | Noticed Bai Suzhen
 48831 | Spider:3 | Killed Bai Suzhen
 49663 | Spider:4 | Entered Level 4 of the Spider Nest
 50809 | Spider:4 | Reached XP level 18. HP: 166/166 MP: 3/36
 52938 | Spider:4 | Reached skill level 16 in Fighting
 54817 | Spider:4 | Got a gossamer rune of Zot
 55149 | Depths:1 | Entered Level 1 of the Depths
 55263 | Depths:1 | Reached skill level 15 in Spellcasting
 55275 | Depths:1 | Slain by an iron troll

Levels and vault maps discovered:
D:1:      dpeg_arrival_prison, layout_basic
D:2:      layout_basic
D:3:      layout_basic, grunt_temple_overflow_magic_moments, first_ration,
          minmay_circle_x
D:4:      kennysheep_slugbush, layout_loops_ring, marbit_many_paths,
          bloody_trog, okawaru_trees_1, yredelemnul_forgotten_temple_becter,
          gammafunk_ghost_nasty_kobolds
D:5:      layout_rooms, grunt_qazlal_sundering, nicolae_ru_awakened_eye,
          serial_shops, shop, uniq_blork_the_orc, uniq_sigmund
D:6:      layout_basic, kennysheep_slug_shrine, overflow_temple_1_default,
          serial_shops, nicolae_shop_behind_doors, basic_altar
D:7:      layout_cave_pools, minmay_temple_entry_drinking_statues, serial_shops,
          kennysheep_little_box, grunt_ogre_cave, uniq_pikel
D:8:      layout_cave_pods
D:9:      layout_roguey, kennysheep_mini, orc_0_dummy, ebering_ghost_xom
D:10:     minmay_flawed_box, layout_long_grid, lair_entry_dummy, minivault_22
D:11:     layout_long_grid, serial_shops, shop_coins
D:12:     layout_basic, fedhas_bush_and_centaur_altar, uniq_josephine,
          uniq_erolcha
D:13:     layout_roguey, ximxim_vaults_locker_room, bh_hangedman_babel_library
D:14:     minmay_the_grid_triangle_9x9_line_8_mashed
          [minmay_the_grid_triangle_9x9_sprig,
          minmay_the_grid_triangle_9x9_cache,
          minmay_the_grid_triangle_9x9_windchime,
          minmay_the_grid_triangle_9x9_semitri,
          minmay_the_grid_triangle_9x9_skeleton,
          minmay_the_grid_triangle_9x9_odd_lines,
          minmay_the_grid_triangle_9x9_warning,
          minmay_the_grid_triangle_9x9_prize_insulated], layout_small_grid,
          minivault_1, jmf_multi_god_temple2
D:15:     grunt_enter_depths_magical_seal, layout_irregular_city,
          chequers_hall_statues_wall_a, drop_trap
Temple:   zaba_magenta_temple
Lair:1:   layout_layer_cave, nicolae_volcano_entry_lava_flow,
          infiniplex_staircase_pool_2
Lair:2:   regret_index_bee_streams, layout_loops_ring, dummy_spider_entry,
          nicolae_quartered_pool_super
Lair:3:   layout_regular_city, minmay_another_anthill, uniq_sonja
Lair:4:   layout_regular_city, minmay_shoals_entry_centaurs,
          lemuel_fruit_fields, uniq_nergalle
Lair:5:   layout_regular_city, dpeg_slime_entry_enclosed_altar, uniq_rupert
Lair:6:   cheibrodos_lair_end_hotspot, layout_regular_city
Shoals:1: layout_shoals
Shoals:2: layout_shoals, serial_shops, shop
Shoals:3: layout_shoals, serial_shops, shop, uniq_ilsuiw, uniq_polyphemus,
          uniq_aizul
Shoals:4: shoals_end_grunt_ice, layout_shoals, gammafunk_ghost_grave,
          lemuel_oklob_altar, uniq_roxanne
Spider:1: layout_spider_delve
Spider:2: layout_spider_delve
Spider:3: layout_spider_delve, uniq_bai_suzhen
Spider:4: floodkiller_spider_rune_tomb
Orc:1:    layout_diamond_mine, serial_shops,
          nicolae_shop_temple_entry_statues_fountains, uniq_harold
Orc:2:    st_orc_rangers, layout_caves, lightli_church_of_beogh, uniq_urug,
          uniq_azrael
Depths:1: layout_cave_pools, chequers_serial_rivers_room_b,
          rand_demon_pan_entry_1, hell_entry, lightli_corner_chamber,
          uniq_asterion

Skill      XL: |  1  2  3  4  5  6  7  8  9 10 11 12 13 14 15 16 17 18 |
---------------+-------------------------------------------------------+-----
Dodging        | 2 3 4 5 7 8 9 10 | 10.0
Fighting       | 1 2 3 4 5 6 8 9 11 12 13 14 15 16 | 16.2
Earth Magic    | 4 5 6 7 9 10 | 10.0
Spellcasting   | 3 4 5 6 7 8 10 11 12 13 14 15 | 15.0
Shields        | 2 4 5 9 11 12 14 15 | 15.0
Conjurations   | 4 8 10 11 13 14 | 14.7
Evocations     | 3 6 8 9 10 | 10.0
Necromancy     | 4 5 6 |  6.0
Stealth        | |  1.7
Transmutations | |  1.0

Action                   |  1- 3 |  4- 6 |  7- 9 | 10-12 | 13-15 | 16-18 || total
-------------------------+-------+-------+-------+-------+-------+-------++-------
Melee: Club              |    12 |       |       |       |       |       ||    12
       Unarmed           |     1 |       |       |       |       |       ||     1
       Dagger            |    35 |   103 |   100 |   222 |     3 |       ||   463
       Short sword       |     6 |       |       |       |       |       ||     6
       Tailslap          |     6 |    12 |    16 |    50 |    38 |    17 ||   139
       Trident           |       |       |       |   220 |   415 |       ||   635
       Staff             |       |       |       |       |    38 |   111 ||   149
Throw: Stone             |       |       |     1 |     1 |       |       ||     2
 Cast: Sandblast         |    25 |    56 |   156 |   247 |    82 |       ||   566
       Stone Arrow       |       |       |     3 |   159 |   561 |   483 ||  1206
       Lee's Rapid Decon |       |       |       |     9 |    70 |    22 ||   101
       Mephitic Cloud    |       |       |       |     3 |     5 |     1 ||     9
       Iron Shot         |       |       |       |       |   160 |   170 ||   330
       Borgnjor's Vile C |       |       |       |       |    39 |   196 ||   235
       Animate Dead      |       |       |       |       |    10 |    52 ||    62
       Orb of Destructio |       |       |       |       |       |    18 ||    18
       Blink             |       |       |       |       |       |     2 ||     2
       Passwall          |       |       |       |       |       |     2 ||     2
 Abil: Breathe Dispellin |       |       |     2 |     9 |     7 |    28 ||    46
Evoke: Box of beasts     |       |       |       |     4 |       |     3 ||     7
       Wand              |       |       |       |     4 |    20 |    48 ||    72
       Staff of energy   |       |       |       |       |     5 |    37 ||    42
  Use: Scroll            |       |       |    12 |    16 |    16 |    11 ||    55
       Potion            |       |       |     1 |       |     1 |    10 ||    12
 Stab: Sleeping          |     5 |     4 |     2 |     4 |     3 |       ||    18
       Confused          |       |       |       |     3 |       |       ||     3
       Distracted        |       |       |       |     1 |       |       ||     1
  Eat: Chunk             |     1 |     8 |     9 |    27 |    51 |    31 ||   127
       Ration            |       |       |     1 |     2 |    14 |    11 ||    28
Armor: Skin              |    31 |    38 |    45 |   219 |   312 |   275 ||   920
Dodge: Dodged            |    40 |    75 |   118 |   461 |   849 |   682 ||  2225
Block: Buckler           |       |       |    18 |   150 |   328 |   331 ||   827

Table legend:
 A = Non-vault XP
 B = Vault XP
 C = Vault XP percentage of total XP
 D = Non-vault monster count
 E = Vault monster count
 F = Vault count percentage of total count
                 A         B        C        D         E       F
            +---------+---------+-------+---------+---------+-------
      Total |  203248 |  131836 |  39.3 |     912 |     363 |  28.5
            +---------+---------+-------+---------+---------+-------
        D:1 |      44 |       0 |   0.0 |      24 |       0 |   0.0
        D:2 |      68 |       0 |   0.0 |      15 |       0 |   0.0
        D:3 |      51 |      12 |  19.0 |      17 |       5 |  22.7
        D:4 |     548 |      34 |   5.8 |      20 |       9 |  31.0
        D:5 |     804 |     311 |  27.9 |      26 |       2 |   7.1
        D:6 |    1997 |       4 |   0.2 |      30 |       1 |   3.2
        D:7 |    1253 |     708 |  36.1 |      28 |       2 |   6.7
        D:8 |    1313 |       0 |   0.0 |      30 |       0 |   0.0
        D:9 |    3250 |       0 |   0.0 |      22 |       0 |   0.0
       D:10 |    1109 |     330 |  22.9 |      26 |       9 |  25.7
       D:11 |    2645 |       0 |   0.0 |      34 |       0 |   0.0
       D:12 |    6814 |    3199 |  31.9 |      41 |       8 |  16.3
       D:13 |    7310 |    5637 |  43.5 |      40 |      15 |  27.3
       D:14 |    9843 |   15952 |  61.8 |      32 |      30 |  48.4
       D:15 |   10937 |    3691 |  25.2 |      32 |       8 |  20.0
     Lair:1 |    1919 |       0 |   0.0 |      10 |       0 |   0.0
     Lair:2 |    3874 |    5930 |  60.5 |      20 |      53 |  72.6
     Lair:3 |    5493 |    1999 |  26.7 |      24 |      16 |  40.0
     Lair:4 |    9838 |    1114 |  10.2 |      36 |       4 |  10.0
     Lair:5 |    8410 |    2829 |  25.2 |      32 |       1 |   3.0
     Lair:6 |    7038 |    8410 |  54.4 |      24 |      25 |  51.0
   Shoals:1 |   14538 |       0 |   0.0 |      28 |       0 |   0.0
   Shoals:2 |   14792 |       0 |   0.0 |      24 |       0 |   0.0
   Shoals:3 |   15986 |    8159 |  33.8 |      35 |      11 |  23.9
   Shoals:4 |    8727 |   20547 |  70.2 |      23 |      28 |  54.9
   Spider:1 |   17745 |       0 |   0.0 |      61 |       0 |   0.0
   Spider:2 |   17045 |       0 |   0.0 |      45 |       0 |   0.0
   Spider:3 |    8037 |    7303 |  47.6 |      23 |       4 |  14.8
   Spider:4 |   13863 |   32830 |  70.3 |      40 |      68 |  63.0
      Orc:1 |    4814 |    2784 |  36.6 |      33 |       7 |  17.5
      Orc:2 |    2273 |   10053 |  81.6 |      36 |      57 |  61.3
   Depths:1 |     870 |       0 |   0.0 |       1 |       0 |   0.0
            +---------+---------+-------+---------+---------+-------
